 Dungeon Crawl Stone Soup version 0.23.1 (webtiles) character file.

Game seed: 11887526830074466508

2847 Borgoz the Skirmisher (level 9, -14/57 HPs)
             Began as a Gargoyle Fighter on Mar 7, 2019.
             Was an Initiate of Ashenzari.
             Demolished by an orc knight
             ... wielding a +0 glaive
              (32 damage)
             ... in a bailey.
             The game lasted 00:17:34 (7335 turns).

Borgoz the Skirmisher (Gargoyle Fighter)            Turns: 7335, Time: 00:17:35

Health: -14/57     AC: 15    Str: 20    XL:     9   Next: 74%
Magic:  3/3        EV: 11    Int: 23    God:    Ashenzari [......]
Gold:   460        SH: 11    Dex: 15    Spells: 8/8 levels left

rFire    x . .     SeeInvis .   n - +2 whip "Heanwiqi" {antimagic, Int+5} (curse)
rCold    . . .     Gourm    .   c - +0 shield
rNeg     + . .     Faith    +   p - +1 scale mail of Hedge Wizardry {rF- Int+7 Dex+5}
rPois    ∞         Spirit   .   (no helmet)
rElec    +         Reflect  .   (no cloak)
rCorr    .         Harm     .   (no gloves)
MR       .....                  (no boots)
Stlth    ..........             s - amulet of faith (curse)
HPRegen  0.19/turn              (no ring)
MPRegen  0.08/turn              (no ring)

@: very slightly contaminated, invisible
A: negative energy resistance 1, electricity resistance, unbreathing,
petrification resistance, rot immunity, AC +6
a: Curse Item, Renounce Religion


You were in a bailey.
You worshipped Ashenzari.
Ashenzari was noncommittal.
You were hungry.

You visited 2 branches of the dungeon, and saw 8 of its levels.
You also visited: Sewer and Bailey.

You collected 460 gold pieces.

Inventory:

Hand Weapons
 n - the cursed +2 whip "Heanwiqi" (weapon) {antimagic, Int+5}
   (You found it on level 6 of the Dungeon)

   It reduces the magical energy of the wielder, and disrupts the spells and
   magical abilities of those hit.
   Natural abilities and divine invocations are not affected.
   It affects your intelligence (+5).
   It has a curse placed upon it.
Missiles
 g - a throwing net (quivered)
Armour
 b - a +0 scale mail
 c - a +0 shield (worn)
 m - a +4 scale mail of cold resistance
 p - the +1 scale mail of Hedge Wizardry (worn) {rF- Int+7 Dex+5}
   (You found it on level 6 of the Dungeon)

   It affects your intelligence (+7).
   It affects your dexterity (+5).
   It makes you vulnerable to fire.
Jewellery
 j - the ring of Zoutorcho {*Tele rPois rF+ rN+}
   (You found it on level 5 of the Dungeon)

   [ring of teleportation]

   It may teleport you next to monsters.
   It protects you from fire.
   It protects you from poison.
   It protects you from negative energy.
 s - a cursed amulet of faith (around neck)
Wands
 l - a wand of flame (6)
Scrolls
 e - 7 scrolls of teleportation
 h - 4 scrolls of remove curse
 u - a scroll of silence {unknown}
 v - a scroll of fog
Potions
 d - a potion of magic
 i - a potion of resistance
 o - a potion of cancellation {unknown}
 q - a potion of flight
 r - 3 potions of curing
Comestibles
 a - 2 chunks of flesh
 f - 11 rations


   Skills:
 + Level 7.2 Fighting
 + Level 6.1 Maces & Flails
 + Level 7.2 Armour
 + Level 4.7 Dodging
 + Level 7.2 Shields


You had 8 spell levels left.
You didn't know any spells.
Your spell library was empty.

Dungeon Overview and Level Annotations

Branches:
Dungeon (7/15)             Temple (1/1) D:6

Altars:
Ashenzari
Cheibriados
Elyvilon
Fedhas
Gozag
Hepliaklqana
Kikubaaqudgha
Makhleb
Nemelex Xobeh
Okawaru
Qazlal
Ru
Sif Muna
Uskayaw
Vehumet
Wu Jian
Yredelemnul
Zin


Innate Abilities, Weirdness & Mutations

You are resistant to torment.
Your stone body is resilient. (AC +6)
You are immune to poison.
You resist negative energy. (rN+)
You are resistant to electric shocks. (rElec)
You can survive without breathing.
You are immune to petrification.
You are immune to rotting.


Message History

You hit the orc knight.
The orc knight is lightly wounded.
You catch the helpless orc knight completely off-guard!
You hit the orc knight.
The orc knight is lightly wounded.
You block the orc knight's attack.
You hit the orc knight but do no damage.
The orc knight is lightly wounded.
The orc knight closely misses you.
You closely miss the orc knight.
The orc knight is lightly wounded.
You hit the orc knight.
The orc knight is lightly wounded.
The orc knight hits you with a +0 glaive!!
* * * LOW HITPOINT WARNING * * *
You hit the orc knight.
The orc knight is lightly wounded.
The orc knight hits you with a +0 glaive!!
Ouch! That really hurt!
You die...

#.≈.#############+###
#.≈.##.$$$.##.........#+
#.≈..## ##..≈≈≈≈≈≈§..#
#.≈≈..## ##..≈§.....≈§..
#∩.≈≈..# #..§≈...⌠..§≈≈.
##.≈≈..#+#..≈≈..⌠∩⌠.§§≈.
#.≈≈).##.##..≈≈o...o§≈..
#.≈).##...##.§§≈≈§§§§§§#
#.≈.##o@...'#.........#
#.≈.#############+###'##
#.≈...)))....##.....##.)
#!≈≈≈≈≈≈≈≈≈≈..##.∩.##.)≈
#..........≈≈..## ##..≈≈
##########..≈≈..###..≈≈.
##..≈≈.....≈≈..
##..≈≈≈≈≈≈≈..#
##.........##


You could see an orc knight.

Vanquished Creatures
  Grinder (D:3)
  Menkaure (D:5)
  2 orc warriors (Bailey)
  2 phantoms
  2 sky beasts (D:5)
  An ice beast (D:5)
  2 ogres
  A centaur (D:5)
  A big kobold (Sewer)
  A bullfrog (D:7)
  A gnoll sergeant (D:5)
  A scorpion (D:6)
  2 crimson imps
  3 howler monkeys (D:7)
  2 centaur zombies (D:7)
  4 hounds
  A gnoll shaman (D:6)
  4 orc priests
  A bullfrog skeleton (D:6)
  Jessica (D:2)
  An iguana (D:7)
  Terence (D:2)
  Natasha (thrice) (D:2)
  3 orc wizards
  6 worker ants
  A hound zombie (D:5)
  2 hound skeletons
  A worker ant zombie (D:5)
  15 gnolls
  13 adders
  2 river rats (Sewer)
  2 shadow imps (D:5)
  2 oozes
  2 adder zombies (D:5)
  2 adder skeletons
  A dart slug (D:3)
  5 leopard geckos
  21 orcs
  6 bats
  5 giant cockroaches
  10 goblins
  5 hobgoblins
  A jackal (Sewer)
  4 quokkas
  A ball python (D:1)
  6 frilled lizards
  A jackal skeleton (D:3)
  A jackal zombie (D:3)
  10 kobolds
  A quokka zombie (D:6)
  10 rats
178 creatures vanquished.

Notes
Turn   | Place    | Note
-------+----------+-------------------------------------------
     0 | D:1      | Borgoz the Gargoyle Fighter began the quest for the Orb.
     0 | D:1      | Reached XP level 1. HP: 14/14 MP: 1/1
   113 | D:1      | Reached XP level 2. HP: 19/19 MP: 2/2
   514 | D:2      | Noticed Terence
   516 | D:2      | Noticed Jessica
   525 | D:2      | Killed Terence
   525 | D:2      | Reached XP level 3. HP: 24/24 MP: 3/3
   526 | D:2      | Reached skill level 1 in Dodging
   544 | D:2      | Killed Jessica
   544 | D:2      | Reached XP level 4. HP: 17/29 MP: 4/4
   815 | D:2      | Noticed Natasha
   827 | D:2      | Killed Natasha
   827 | D:2      | Reached XP level 5. HP: 20/33 MP: 5/5
   841 | D:2      | Noticed Natasha
   858 | D:2      | Killed Natasha
  1194 | D:2      | Noticed Natasha
  1206 | D:2      | Killed Natasha
  1430 | D:3      | Reached XP level 6. HP: 38/38 MP: 6/6
  1705 | D:3      | Noticed Grinder
  1708 | D:3      | Paralysed by Grinder for 4 turns
  1728 | D:3      | Paralysed by Grinder for 4 turns
  1754 | D:3      | Paralysed by Grinder for 2 turns
  1777 | D:3      | Paralysed by Grinder for 6 turns
  1786 | D:3      | Killed Grinder
  1786 | D:3      | Reached XP level 7. HP: 8/44 MP: 7/7
  2377 | D:3      | Reached skill level 5 in Shields
  2704 | D:4      | Reached skill level 5 in Armour
  2720 | D:4      | Reached skill level 5 in Fighting
  3494 | D:5      | Entered Level 5 of the Dungeon
  3594 | D:5      | Reached XP level 8. HP: 29/49 MP: 8/8
  3688 | D:5      | Found a glowing drain.
  3758 | Sewer    | Entered a sewer
  3876 | Sewer    | Found a white marble altar of Elyvilon.
  3958 | D:5      | Noticed Menkaure
  3980 | D:5      | Killed Menkaure
  3994 | D:5      | Got a smoking platinum ring
  3999 | D:5      | Identified the ring of Zoutorcho {*Tele rPois rF+ rN+} (You
                  | found it on level 5 of the Dungeon)
  4093 | D:5      | Found a sparkling altar of Nemelex Xobeh.
  4093 | D:5      | Found a stormy altar of Qazlal.
  4136 | D:5      | Reached skill level 5 in Maces & Flails
  4563 | D:5      | Reached XP level 9. HP: 44/56 MP: 9/9
  5191 | D:6      | Got a polished whip
  5192 | D:6      | Identified the cursed +2 whip "Heanwiqi" {antimagic, Int+5}
                  | (You found it on level 6 of the Dungeon)
  5457 | D:6      | Found a hazy altar of Hepliaklqana.
  5463 | D:6      | Got a bloodstained scale mail
  5474 | D:6      | Identified the +1 scale mail of Hedge Wizardry {rF- Int+7
                  | Dex+5} (You found it on level 6 of the Dungeon)
  5495 | D:6      | Found a staircase to the Ecumenical Temple.
  5508 | D:6      | Found an ancient bone altar of Kikubaaqudgha.
  5525 | Temple   | Entered the Ecumenical Temple
  5747 | Temple   | Became a worshipper of Ashenzari the Shackled
  5849 | D:6      | Found a blossoming altar of Fedhas.
  6779 | D:7      | Found a flagged portal.
  6784 | Bailey   | Entered a bailey
  7306 | Bailey   | Noticed an orc knight
  7306 | Bailey   | Noticed an orc knight
  7324 | Bailey   | Noticed an orc knight
  7335 | Bailey   | Demolished by an orc knight

Skill      XL: |  1  2  3  4  5  6  7  8  9 |
---------------+----------------------------+-----
Dodging        | 1 2 3 4 |  4.7
Armour         | 4 5 6 7 |  7.2
Shields        | 4 5 6 7 |  7.2
Fighting       | 4 5 6 7 |  7.2
Maces & Flails | 3 4 5 6 |  6.1

Action                   |  1- 3 |  4- 6 |  7- 9 || total
-------------------------+-------+-------+-------++-------
Melee: Flail             |   107 |   163 |   455 ||   725
       Whip              |       |       |   352 ||   352
       Mace              |       |       |    15 ||    15
Invok: Curse Item        |       |       |     1 ||     1
Evoke: Wand              |       |       |    11 ||    11
  Use: Potion            |       |     2 |     5 ||     7
       Scroll            |       |     3 |     8 ||    11
 Stab: Invisible         |       |       |     1 ||     1
  Eat: Chunk             |       |     4 |    15 ||    19
       Ration            |       |       |     1 ||     1
Armor: Scale mail        |    76 |    87 |   362 ||   525
Dodge: Dodged            |    28 |    62 |   292 ||   382
Block: Shield            |    77 |    70 |   397 ||   544
